 Dungeon Crawl Stone Soup version 0.19.1 (webtiles) character file.

1033 RussianFaggotGlassGo the Covert (level 8, -3/56 HPs)
             Began as a Demonspawn Assassin on Dec 26, 2016.
             Killed by divine providence
             ... invoked by an orc priest
              (15 damage)
             ... on level 6 of the Dungeon.
             The game lasted 00:23:19 (5599 turns).

RussianFaggotGlassGo the Covert (DsAs)              Turns: 5599, Time: 00:23:20

Health: -3/56      AC:  4    Str: 12    XL:     8   Next: 3%
Magic:  8/8        EV: 12    Int: 12    God:
Gold:   181        SH:  0    Dex: 17    Spells: 0 memorised, 7 levels left

rFire  . . .     SeeInvis .     a - +2 dagger
rCold  . . .     Gourm    .     c - +0 robe
rNeg   . . .     Faith    .     (no shield)
rPois  .         Spirit   .     (no helmet)
rElec  .         Reflect  .     d - +0 cloak
rCorr  .         Harm     .     r - +0 pair of gloves
MR     .....                    (no boots)
Stlth  ++++++....               (no amulet)
                                (no ring)
                                (no ring)

@: very slightly contaminated, hasted, very quick
A: talons 2, nightstalker 2, sturdy frame 1
a: no special abilities


You were on level 6 of the Dungeon.
You were hungry.

You visited 1 branch of the dungeon, and saw 6 of its levels.

You collected 181 gold pieces.

Inventory:

Hand Weapons
 a - a +2 dagger (weapon)
 b - a +0 blowgun
Missiles
 e - 21 poisoned needles
 f - a curare-tipped needle
Armour
 c - a +0 robe (worn)
 d - a +0 cloak (worn)
 l - a +4 chain mail
 r - a +0 pair of gloves (worn)
 u - a +0 buckler
Jewellery
 x - an uncursed ring of protection from magic {unknown}
Wands
 t - a wand of paralysis (21/24)
 v - a wand of hasting (3/9)
Scrolls
 h - a scroll of recharging {unknown}
 k - 3 scrolls of identify
 m - 2 scrolls of remove curse
 p - 2 scrolls of amnesia {unknown}
 s - 3 scrolls of teleportation {unknown}
Potions
 n - a potion of curing
 w - a potion of haste
Comestibles
 g - 3 bread rations
 i - a royal jelly
 j - a beef jerky
 o - 13 fruits
 q - a meat ration


   Skills:
 - Level 2.0 Fighting
 * Level 4.4 Short Blades
 - Level 1.7 Throwing
 - Level 0.8 Dodging
 - Level 9.0 Stealth


You had 7 spell levels left.
You didn't know any spells.

Dungeon Overview and Level Annotations

Branches:
Dungeon (6/15)
 Temple: D:4-7

Altars:

Annotations:
D:3 Grinder; dscm's ghost, weakling OpEE
D:5 1 runed door


Innate Abilities, Weirdness & Mutations

You have razor-sharp toenails.
You are significantly more attuned to the shadows.
Your movements are slightly less encumbered by armour. (ER -2)


Message History

You hit the orc wizard but do no damage.
Your kick misses the orc wizard.
The orc wizard is heavily wounded.
The orc wizard gestures wildly while chanting.
The orc wizard blinks!
Okay, then.
Evoke which item? (* to show all) (? for menu, Esc to quit)
Zapping:
v - a wand of hasting (4/9)
Press: ? - help, Shift-Dir - straight line, f - you You feel yourself speed up.
You are very lightly contaminated with residual magic.
This wand has 3 charges left.
The orc wizard gestures at you while chanting.
The magic dart hits you!
* * * LOW HITPOINT WARNING * * *
The orc hits you but does no damage. The orc wizard barely misses you.
The orc priest invokes the aid of Beogh against you.
Beogh smites you!
You die...

...# ###..# ......#..#
.?... ... ..... #.#
..#..##@####..
...)..o..oo...
......####o#..
####...###.#
#.....##.####
####...........#
.#........##....#
#..........######.# #
#.##.##.#########.##.#


You could see an orc priest, an orc wizard and 2 orcs.

Vanquished Creatures
  Prince Ribbit (D:5)
  Duvessa (D:4)
  A sky beast (D:5)
  A centaur (D:5)
  A bullfrog (D:5)
  Dowan (D:4)
  3 crimson imps
  A bullfrog zombie (D:5)
  A hound (D:3)
  An orc priest (D:4)
  A bullfrog skeleton (D:5)
  An orc wizard (D:4)
  2 worker ants
  A hound skeleton (D:6)
  4 adders
  2 gnolls
  A shadow imp (D:5)
  2 oozes
  2 adder skeletons (D:4)
  2 worms
  6 leopard geckos
  4 orcs
  3 giant cockroaches
  5 goblins
  2 hobgoblins (D:2)
  2 jackals (D:1)
  2 quokkas (D:2)
  9 bats
  5 frilled lizards
  6 kobolds
  A leopard gecko zombie (D:5)
  4 rats
79 creatures vanquished.

Notes
Turn   | Place    | Note
-------+----------+-------------------------------------------
     0 | D:1      | RussianFaggotGlassGo the Demonspawn Assassin began the quest for the Orb.
     0 | D:1      | Reached XP level 1. HP: 16/16 MP: 1/1
   337 | D:1      | Gained mutation: You are slightly more attuned to the shadows. [demonic ancestry]
   337 | D:1      | Reached XP level 2. HP: 20/22 MP: 2/2
  1185 | D:2      | Gained mutation: You have sharp toenails. [demonic ancestry]
  1185 | D:2      | Reached XP level 3. HP: 27/27 MP: 3/3
  1777 | D:2      | Gained mutation: You have razor-sharp toenails. [demonic ancestry]
  1777 | D:2      | Reached XP level 4. HP: 28/33 MP: 4/4
  1933 | D:3      | Noticed Grinder
  2079 | D:3      | Noticed dscm's ghost (weakling OpEE)
  2186 | D:3      | Reached skill level 4 in Stealth
  2359 | D:4      | Gained mutation: You are significantly more attuned to the shadows. [demonic ancestry]
  2359 | D:4      | Reached XP level 5. HP: 29/38 MP: 5/5
  2793 | D:4      | Noticed Duvessa
  2794 | D:4      | Noticed Dowan
  2828 | D:4      | Killed Duvessa
  2828 | D:4      | Reached skill level 5 in Stealth
  2828 | D:4      | Reached XP level 6. HP: 11/44 MP: 6/6
  3161 | D:4      | Noticed a slave
  3248 | D:4      | Killed Dowan
  3248 | D:4      | Reached skill level 6 in Stealth
  3739 | D:5      | Entered Level 5 of the Dungeon
  4009 | D:5      | Reached skill level 7 in Stealth
  4024 | D:5      | Reached XP level 7. HP: 31/50 MP: 7/7
  4068 | D:5      | HP: 2/50 [centaur (4)]
  4225 | D:5      | Found a runed door.
  4241 | D:5      | Found a runed door.
  4772 | D:5      | Noticed Prince Ribbit
  4777 | D:5      | Killed Prince Ribbit
  4777 | D:5      | Reached skill level 8 in Stealth
  4790 | D:5      | Reached skill level 9 in Stealth
  5568 | D:6      | Gained mutation: Your movements are slightly less encumbered by armour. (ER -2) [demonic ancestry]
  5568 | D:6      | Reached XP level 8. HP: 56/56 MP: 8/8
  5599 | D:6      | Killed from afar by an orc priest

Skill      XL: |  1  2  3  4  5  6  7 |
---------------+----------------------+-----
Short Blades   | 2 3 4 |  4.4
Stealth        | 4 5 7 9 |  9.0
Fighting       | |  2.0
Throwing       | |  1.7
Dodging        | |  0.8

Action                   |  1- 3 |  4- 6 |  7- 9 || total
-------------------------+-------+-------+-------++-------
Melee: Dagger            |   102 |   166 |   116 ||   384
       Kick              |     4 |    42 |    26 ||    72
 Fire: Blowgun           |       |    14 |       ||    14
Evoke: Wand              |       |       |     1 ||     1
  Use: Potion            |       |     3 |       ||     3
       Scroll            |       |     1 |     5 ||     6
 Stab: Sleeping          |    13 |     5 |     7 ||    25
  Eat: Chunk             |     3 |     5 |     6 ||    14
Armor: Robe              |    33 |    28 |    18 ||    79
Dodge: Dodged            |    62 |    74 |    55 ||   191
